 Dungeon Crawl Stone Soup version 0.28.0-53-g5a82cb258f (webtiles) character file.

Game seed: 9557423761706864555

111 pkoi the Gusty (level 4, -2/33 HPs)
             Began as a Demigod Air Elementalist on May 26, 2022.
             Slain by an orc wizard
             ... wielding a +0 dagger
              (3 damage)
             ... on level 2 of the Dungeon.
             The game lasted 00:02:51 (3589 turns).

pkoi the Gusty (Demigod Air Elementalist)           Turns: 3589, Time: 00:02:52

Health: -2/33      AC:  3    Str:  8 (9)  XL:     4   Next: 36%
Magic:  1/9        EV: 12    Int: 18 (21) God:
Gold:   90         SH:  0    Dex: 13 (14) Spells: 3/6 levels left

rFire   . . .      SeeInvis .   e - +0 dagger (protect)
rCold   . . .      Faith    .   (no shield)
rNeg    . . .      Spirit   .   a - +0 robe
rPois   .          Reflect  .   (no helmet)
rElec   .          Harm     .   (no cloak)
rCorr   .          Rampage  .   (no gloves)
Will    .....                   h - +0 pair of boots
Stlth   ++........              (no amulet)
HPRegen 0.11/turn               (no ring)
MPRegen 0.11/turn               (no ring)

@: hasted, very quick
A: high MP 1, forlorn, divine attributes
a: no special abilities


You were on level 2 of the Dungeon.
You visited 1 branch of the dungeon, and saw 3 of its levels.

You collected 90 gold pieces.

Inventory:

Hand Weapons
 e - a +0 dagger of protection (weapon)
Missiles
 d - 15 poisoned darts
Armour
 a - a +0 robe (worn)
 h - a +0 pair of boots (worn)
Magical Staves
 g - a staff of cold
Potions
 f - 2 potions of heal wounds {unknown}


   Skills:
 - Level 1.7 Dodging
 - Level 1.7 Stealth
 - Level 1.7 Spellcasting
 - Level 0.8 Conjurations
 + Level 5.0 Air Magic


You had 3 spell levels left.
You knew the following spells:

 Your Spells              Type           Power      Damage    Failure   Level
a - Shock                 Conj/Air       48%        1d6       5%          1
b - Static Discharge      Conj/Air       12%        N/A       9%          2

Your spell library contained the following spells:

 Spells                   Type           Power      Damage    Failure   Level
 Swiftness                Air            19%        N/A       7%          3
 Tukima's Dance           Hex            1%         N/A       50%         3
 Airstrike                Air            9%         N/A       24%         4
 Anguish                  Hex/Necr       0%         N/A       88%         4
 Enfeeble                 Hex            0%         N/A       100%        7


Dungeon Overview and Level Annotations

Branches:
Dungeon (3/15)


Innate Abilities, Weirdness & Mutations

You have an increased reservoir of magic. (+10% MP)
You shall have no god before yourself.
Your divine heritage dramatically boosts your attributes as you level up.


Message History

You miss the orc wizard.
The orc wizard is severely wounded.
The orc wizard hits you but does no damage.
You miss the orc wizard.
The orc wizard is severely wounded.
The orc wizard hits you but does no damage.
Aiming: Shock (safe; 4% risk of failure)
Press: ? - help, Q - select action, (/) - cycle Shift-Dir - straight line You miscast Shock.
You are very lightly contaminated with residual magic.
Nothing appears to happen.
The orc wizard hits you with a +0 dagger.
* * * LOW HITPOINT WARNING * * *
Unknown command.
The orc wizard hits you with a +0 dagger.
* * * LOW HITPOINT WARNING * * *
You climb upwards.
There is a stone staircase leading down here.
Unknown command.
Unknown command.
You barely miss the orc wizard.
The orc wizard is severely wounded.
The orc wizard closely misses you.
You hit the orc wizard but do no damage.
Your weapon exudes an aura of protection.
The orc wizard is severely wounded.
The orc wizard casts a spell at you.
The puff of flame hits you but does no damage.
Your magical contamination has completely faded away.
You aren't carrying any items that you can evoke.
Unknown command.
It was a potion of haste.
You feel yourself speed up. The orc wizard casts a spell at you.
The puff of flame hits you!
* * * LOW HITPOINT WARNING * * *
It was a potion of degeneration.
There was something very wrong with that liquid.
You feel weakened.
You feel dopey.
You feel clumsy.
The orc wizard hits you with a +0 dagger.
You die...

#.# #.#...#... #.#
#.#.#####. #.#
#.#...#... #.####
#.##..#.## ########....#
#......<..
#...........######..####
#.###...............#
#.# #.#.##......##.##
#†# #.#@#######.##.# #.#
#.#o# #.##.#####
###.###.#># #.##......
#.....#.#.# #......###
#>....#.#.# #......#
#.....#.#.# #......#
#.....#.#.# ##.....#
#.....#.#.##### #.....#
###.###.#.....# ###.###


You could see an orc wizard.

Vanquished Creatures
  An orc priest (D:3)
  2 adders (D:2)
  3 dart slugs
  3 orcs (D:3)
  4 bats (D:2)
  5 endoplasms
  6 giant cockroaches
  3 goblins
  3 hobgoblins (D:1)
  2 jackals (D:2)
  5 kobolds
  3 quokkas
  4 ball pythons
  2 frilled lizards
  3 rats
49 creatures vanquished.

Notes
Turn   | Place    | Note
-------+----------+-------------------------------------------
     0 | D:1      | pkoi the Demigod Air Elementalist began the quest for the
                  | Orb.
     0 | D:1      | Reached XP level 1. HP: 14/14 MP: 5/5
   120 | D:1      | Reached skill level 3 in Air Magic
   694 | D:1      | Reached XP level 2. HP: 16/20 MP: 2/7
  1790 | D:2      | Reached XP level 3. HP: 26/26 MP: 3/8
  1894 | D:2      | Reached skill level 4 in Air Magic
  2021 | D:1      | Learned a level 2 spell: Static Discharge
  3265 | D:3      | Reached XP level 4. HP: 33/33 MP: 1/9
  3555 | D:3      | Reached skill level 5 in Air Magic
  3588 | D:2      | HP: 1/33 [orc wizard/puff of flame (7)]
  3589 | D:2      | Slain by an orc wizard

Illustrated notes

Levels and vault maps discovered:
D:1:      nicolae_arrival_washed_ashore, layout_loops_ring
D:2:      layout_loops_ring, minmay_liquid_box, minmay_crystal_water
D:3:      layout_basic, amcnicky_altar_gilded, led_sif_book,
          chequers_ecumenical_altar_grove

Skill      XL: |  1  2  3  4 |
---------------+-------------+-----
Air Magic      | 3 4 5 |  5.0
Dodging        | |  1.7
Stealth        | |  1.7
Spellcasting   | |  1.7
Conjurations   | |  0.8

Action                   |  1- 3 |  4- 6 || total
-------------------------+-------+-------++-------
Melee: Unarmed           |     5 |       ||     5
       Dagger            |    14 |    16 ||    30
 Cast: Shock             |   102 |     9 ||   111
       Static Discharge  |       |     1 ||     1
  Use: Scroll            |     4 |       ||     4
       Potion            |       |     2 ||     2
Armor: Robe              |     6 |    11 ||    17
Dodge: Dodged            |    18 |     1 ||    19
